 Dungeon Crawl Stone Soup version 0.20.1-1-g8b1a95d (webtiles) character file.

56 Peloso the Covered (level 3, -3/34 HPs)
             Began as a Deep Dwarf Fighter on July 29, 2017.
             Slain by a gnoll
             ... wielding a +0 spear
              (4 damage)
             ... on level 2 of the Dungeon.
             The game lasted 00:04:08 (1586 turns).

Peloso the Covered (Deep Dwarf Fighter)             Turns: 1586, Time: 00:04:08

Health: -3/34      AC:  7    Str: 20    XL:     3   Next: 71%
Magic:  3/3        EV:  7    Int: 13    God:
Gold:   59         SH: 10    Dex: 12    Spells: 2/2 levels left

rFire    . . .     SeeInvis .   a - +0 long sword
rCold    . . .     Gourm    .   c - +1 shield
rNeg     . . .     Faith    .   b - +0 scale mail
rPois    .         Spirit   .   (no helmet)
rElec    .         Reflect  .   (no cloak)
rCorr    .         Harm     .   (no gloves)
MR       .....                  (no boots)
Stlth    ..........             (no amulet)
Regen    0.0/turn               j - ring of wizardry
MPRegen  0.1/turn               (no ring)

@: brilliant, non-regenerating
A: damage resistance, heal wounds, sense surroundings 1, no regeneration
a: Heal Wounds


You were on level 2 of the Dungeon.
You were very hungry.

You visited 1 branch of the dungeon, and saw 2 of its levels.

You collected 59 gold pieces.

Inventory:

Hand Weapons
 a - a +0 long sword (weapon)
 k - a +3 short sword
Armour
 b - a +0 scale mail (worn)
 c - a +1 shield (worn)
Jewellery
 j - a ring of wizardry (left hand)
Scrolls
 e - a scroll of identify {unknown}
 l - a scroll of teleportation {unknown}
 m - 2 scrolls of blinking {unknown}
Potions
 d - a potion of might
 g - a potion of lignification
 h - a potion of brilliance
Comestibles
 f - a bread ration
 i - 7 fruits


   Skills:
 + Level 3.1 Fighting
 + Level 2.1 Long Blades
 + Level 4.2 Armour
 + Level 0.2 Dodging
 + Level 3.8 Shields


You had 2 spell levels left.
You didn't know any spells.

Dungeon Overview and Level Annotations

Branches:
Dungeon (2/15)

Altars:
Zin


Innate Abilities, Weirdness & Mutations

You are resistant to damage.
You can heal yourself by infusing magical energy.
You passively map a small area around you.
You do not regenerate.


Message History

The gnoll is severely wounded.
The adder hisses angrily.
The gnoll hits you with a club.
* * * LOW HITPOINT WARNING * * *
The adder moves out of view.
The gnoll hits you but does no damage.
You hit the gnoll.
The gnoll is almost dead.
The gnoll hits you from afar with a spear.
* * * LOW HITPOINT WARNING * * *
The gnoll barely misses you.
You riposte.
You hit the gnoll.
The gnoll is almost dead.
You hit the gnoll.
You kill the gnoll!
You block the gnoll's attack.
The gnoll hits you from afar with a spear.
The gnoll hits you but does no damage.
Your scale mail prevents you from hitting the gnoll.
The gnoll barely misses you.
You barely miss the gnoll. The gnoll hits you with a spear.
You die...

* , , , , * ,, * *
** * , , , , , ** *
, ######## *#####..
#......#####..wS...
#. #.>.##.....w)# *
#.* ###....##.g###
* * #. ##.......@#
*
##.#####.(##.###.##
.....##..###...#..#
, ........##
###..#.### *
.....####
##.....##### #.#
.....# ####......#
.. .....# #..###.##
#$# .....### ##.#
#..#####.# ##.#...#
#.####.##....#


You could see a worm and a gnoll.

Vanquished Creatures
  2 gnolls
  An adder (D:1)
  A worm (D:2)
  A dart slug (D:1)
  3 leopard geckos (D:1)
  A hobgoblin (D:2)
  3 bats
  3 frilled lizards
  3 goblins
  6 kobolds
  A rat (D:1)
25 creatures vanquished.

Notes
Turn   | Place    | Note
-------+----------+-------------------------------------------
     0 | D:1      | Peloso the Deep Dwarf Fighter began the quest for the Orb.
     0 | D:1      | Reached XP level 1. HP: 20/20 MP: 1/1
   184 | D:1      | Reached XP level 2. HP: 13/27 MP: 2/2
  1222 | D:2      | Reached XP level 3. HP: 13/34 MP: 3/3
  1258 | D:1      | Reached skill level 4 in Armour
  1400 | D:2      | Found a glowing silver altar of Zin.
  1579 | D:2      | HP: 1/34 [gnoll/spear (1)]
  1586 | D:2      | Slain by a gnoll

Skill      XL: |  1  2  3 |
---------------+----------+-----
Fighting       | 3 |  3.1
Armour         | 4 |  4.2
Long Blades    | |  2.1
Dodging        | |  0.2
Shields        | |  3.8

Action                   || total
-------------------------++-------
Melee: Long sword        ||    77
  Use: Scroll            ||     4
       Potion            ||     2
  Eat: Chunk             ||     1
Armor: Scale mail        ||    31
Dodge: Dodged            ||    19
Block: Shield            ||    45
       Rpst.: Long sword ||     6
